 Dungeon Crawl Stone Soup version 0.19.0-2-gae57169 (webtiles) character file.

581045 MDvedh the Axe Maniac (level 25, -2/255 HPs)
             Began as a Minotaur Berserker on Nov 4, 2016.
             Was the Champion of the Shining One.
             Slain by an iron troll (30 damage)
             ... created by the rage of Trog
             ... on level 2 of the Tomb of the Ancients.
             The game lasted 02:04:25 (51168 turns).

MDvedh the Axe Maniac (Minotaur Berserker)         Turns: 51168, Time: 02:04:26

Health: -2/255     AC: 47    Str: 30    XL:     25   Next: 93%
Magic:  36/36      EV: 24    Int:  7    God:    the Shining One [******]
Gold:   5244       SH:  0    Dex: 14    Spells: 0 memorised, 24 levels left

rFire  + + .     SeeInvis .     f - +9 executioner's axe (freeze)
rCold  + . .     Gourm    .     N - +8 gold dragon scales
rNeg   + + +     Faith    .     (shield currently unavailable)
rPois  +         Spirit   .     m - +2 hat {Int+3}
rElec  .         Reflect  .     j - +2 cloak {MR+}
rCorr  .         Harm     .     u - +2 pair of gloves
MR     ++...                    g - +1 pair of boots {Fly}
Stlth  ..........               x - amulet of Vitality {Regen+ HP+15}
                                v - +6 ring of evasion
                                H - ring "Kawuympo" {rF+ rN+}

@: glowing
A: retaliatory headbutt, horns 2, molten scales 1, wild magic 1, no device heal
1
a: Divine Shield, Cleansing Flame, Summon Divine Warrior, Brand Weapon With Holy
Wrath, Renounce Religion, Evoke Flight
}: 3/15 runes: serpentine, barnacled, silver


You were on level 2 of the Tomb of the Ancients.
You worshipped the Shining One.
The Shining One was exalted by your worship.
You were very full.

You visited 10 branches of the dungeon, and saw 47 of its levels.
You visited 1 bazaar.
You also visited: Trove, Ossuary and Bailey.

You collected 7011 gold pieces.
You spent 1767 gold pieces at shops.

Inventory:

Hand Weapons
 f - a +9 executioner's axe of freezing (weapon)
 V - the +3 executioner's axe "Jiyneps" {holy, +Inv rF++ rC- Stlth+}
   (Trog gifted it to you on level 10 of the Dungeon)

   It has been blessed by the Shining One to cause great damage to the undead
   and demons.
   It greatly protects you from fire.
   It makes you vulnerable to cold.
   It lets you turn invisible.
   It makes you more stealthy.
 Y - a +2 executioner's axe of electrocution
Armour
 g - a +1 pair of boots of flying (worn)
 j - a +2 cloak of magic resistance (worn)
 m - a +2 hat of intelligence (worn)
 u - a +2 pair of gloves (worn)
 N - +8 gold dragon scales (worn)
Jewellery
 a - an uncursed ring of protection from cold
 i - a +3 ring of strength
 v - a +6 ring of evasion (right hand)
 x - the amulet of Vitality (around neck) {Regen+ HP+15}
   (You found it on level 8 of the Dungeon)

   [amulet of regeneration]

   It affects your health (+15).
   It increases your rate of regeneration.
 H - the ring "Kawuympo" (left hand) {rF+ rN+}
   (You found it in a treasure trove)

   [ring of positive energy]

   It protects you from fire.
   It protects you from negative energy.
 L - a +3 ring of slaying
Wands
 d - a wand of teleportation (4/9)
 w - a wand of teleportation (5/9)
 J - a wand of digging (6/24)
 W - a wand of disintegration (12/24)
Scrolls
 k - a scroll of brand weapon
 l - a scroll of summoning
 n - 38 scrolls of remove curse
 o - a scroll of recharging
 r - 13 scrolls of immolation
 s - 7 scrolls of fog
 y - 5 scrolls of teleportation
 z - 3 scrolls of vulnerability
 A - 7 scrolls of identify
 D - 4 scrolls of holy word
 K - a scroll of silence
 P - 2 scrolls of blinking
 S - 9 scrolls of fear
Potions
 b - a potion of cure mutation
 e - 15 potions of curing
 h - 2 potions of cancellation
 p - 11 potions of flight
 E - 3 potions of might
 F - 4 potions of invisibility
 G - 2 potions of agility
 I - 3 potions of resistance
 M - 3 potions of brilliance
 O - 3 potions of magic
 R - 2 potions of haste
 T - a potion of berserk rage
 X - 2 potions of heal wounds
 Z - a potion of ambrosia
Comestibles
 c - 4 bread rations
 q - 9 beef jerkies
 C - 14 meat rations
 Q - a slice of pizza


   Skills:
 + Level 22.9 Fighting
 O Level 27 Axes
 - Level 22.0 Armour
 - Level 20.4 Dodging
 + Level 21.8 Invocations


You had 24 spell levels left.
You didn't know any spells.

Dungeon Overview and Level Annotations

Branches:
Dungeon (15/15)            Temple (0/1) D:7            Lair (6/6) D:11
 Shoals (4/4) Lair:2        Snake (4/4) Lair:3        Slime (0/5) Lair:6
    Orc (2/2) D:12            Elf (3/3) Orc:2        Vaults (5/5) D:14
  Crypt (3/3) Vaults:3       Tomb (3/3) Crypt:3      Depths (2/5) D:15

Altars:
Cheibriados
Dithmenos
Elyvilon
Gozag
Hepliaklqana
Kikubaaqudgha
Nemelex Xobeh
Okawaru
Ru
Trog
Vehumet
Xom
Zin
The Shining One
Beogh

Shops:
D:13 }   Orc:1 *   Orc:2 :?[   Snake:3 !:*(   Vaults:2 **((

Portals:
Hell: Depths:1 Depths:2
Abyss: Depths:1
Pandemonium: Depths:1
Ziggurat: Depths:2

Annotations:
D:4 exclusion: statue
Lair:3 exclusion: oklob plant
Elf:2 5 runed doors
Vaults:3 exclusion: orange crystal statue


Innate Abilities, Weirdness & Mutations

You reflexively headbutt those who attack you in melee.
You have a pair of horns on your head.
You are partially covered in molten scales. (AC +2)
Your spells are a little harder to cast, but a little more powerful.
Potions and wands are less effective at restoring your health.


Message History

That felt strangely unrewarding.
You hear a distant "Zot"!
The iron troll bites you!!
* * * LOW HITPOINT WARNING * * *
The iron troll barely misses you. The iron troll closely misses you.
Unknown command.
You slash the iron troll! You freeze the iron troll.
Your headbutt misses the iron troll.
The iron troll is heavily wounded.
Unknown command.
You slice the iron troll!! You freeze the iron troll.
The iron troll is severely wounded.
The iron troll bites you!!
* * * LOW HITPOINT WARNING * * *
The iron troll completely misses you. The iron troll closely misses you.
Unknown command.
You hit the iron troll but do no damage.
The iron troll is severely wounded.
The iron troll bites you!!
You die...

.^.'........'...^...#
..^#........#....^).#
...#........#.......#
################....#
...............#....#
...............#....#
...............#...>#
.....####......#.T..#
..###..........#@^.>#
##.....^.......######
.##............#....#
...##..........#^...#
.....#.........'^...#
......#........#....#
†......#.......#...^#
<......#.......#..^.#
.......#.......###'##


You could see an iron troll (berserk).

Vanquished Creatures
  Khufu (Tomb:3)
  Mennas (Vaults:4)
  3 ancient liches
  21 greater mummies
  Sojobo (Crypt:3)
  Saint Roka (Snake:2)
  A golden dragon (Vaults:5)
  6 liches
  3 tentacled monstrosities (Vaults:5)
  2 deep elf master archers (Elf:3)
  3 deep elf blademasters
  2 titans (Vaults:5)
  Polyphemus (Shoals:2)
  Gastronok (Lair:2)
  A kraken (Shoals:4)
  6 ancient champions (Crypt:3)
  4 shadow dragons
  Kirke (Elf:1)
  11 sphinxes
  4 fire giants
  2 revenants
  4 nagarajas (Snake:4)
  4 tengu reavers
  The ghost of varam the Spry, a journeyman MiGl of Okawaru (Snake:2)
  A storm dragon (Vaults:5)
  7 frost giants
  6 deep elf sorcerers
  2 iron dragons (Vaults:5)
  An orc warlord (Orc:1)
  A draconian knight (Depths:2)
  4 ghouls
  A balrug (Depths:1)
  Louise (Depths:1)
  3 curse skulls
  18 vault wardens
  19 ironheart preservers
  A juggernaut zombie (Depths:2)
  3 deep elf elementalists (Elf:3)
  12 very ugly things
  A reaper (Crypt:3)
  A war gargoyle (Vaults:3)
  11 deep elf annihilators
  23 stone giants
  The ghost of murphy the Sorcerer, an adept DECj of Vehumet (Shoals:4)
  9 deep elf demonologists
  8 bennus
  6 vampire knights
  Azrael (D:15)
  4 spark wasps
  5 merfolk javelineers (Shoals:4)
  5 eidola
  7 ettins
  A crystal guardian (Vaults:3)
  11 deep elf death magi
  5 merfolk impalers
  9 jiangshi
  8 fire dragons
  27 vault guards (Vaults:5)
  16 yaktaur captains
  2 great orbs of eyes (shapeshifter) (Depths:2)
  16 mummy priests
  4 rakshasas
  A quicksilver dragon skeleton (Crypt:2)
  2 catoblepae
  A hydra (D:13)
  15 naga warriors
  7 great orbs of eyes
  6 deep elf high priests
  5 ice dragons
  2 ghost crabs (shapeshifter)
  4 spriggan air magi (Depths:2)
  4 merfolk avatars
  16 centaur warriors
  4 anacondas
  2 merfolk aquamancers (Shoals:4)
  14 dancing weapons
  3 death yaks (Shoals:2)
  7 deep troll earth magi
  2 death knights
  5 vampire magi
  66 death scarabs
  A satyr (Shoals:3)
  14 ogre magi
  19 deep elf knights
  14 naga sharpshooters
  2 spriggan berserkers (Depths:2)
  9 shock serpents
  Urug (Orc:1)
  4 deep troll shamans
  A soul eater (Crypt:3)
  29 skeletal warriors
  4 shadow wraiths
  A fire crab (Lair:6)
  2 sixfirhies (Depths:1)
  An unseen horror (shapeshifter) (Depths:2)
  4 iron trolls
  An unseen horror (Vaults:1)
  2 flayed ghosts
  A spark wasp zombie (Crypt:2)
  5 glowing orange brains (Depths:2)
  19 deep trolls
  8 sea snakes
  7 wizards
  A hell knight (Depths:2)
  A storm dragon skeleton (Vaults:2)
  19 hill giants
  9 orc knights
  12 ironbrand convokers
  A lindwurm (shapeshifter) (Vaults:4)
  A lindwurm (Lair:6)
  20 deep elf archers
  5 naga ritualists
  6 harpies
  12 phantasmal warriors
  3 wolf spiders
  8 mana vipers
  A shadow dragon skeleton (Crypt:2)
  5 necromancers
  A stone giant zombie (Vaults:2)
  41 ugly things
  61 deep elf magi
  7 cyclopes
  A hell hog zombie (Crypt:3)
  3 orc sorcerers
  8 manticores
  6 salamanders
  A salamander (shapeshifter) (Vaults:3)
  A fire giant zombie (Crypt:3)
  32 black mambas
  A sphinx skeleton (Vaults:2)
  3 sirens (Shoals:4)
  A frost giant skeleton (Crypt:1)
  A fire giant skeleton (Depths:1)
  A stone giant skeleton (Crypt:3)
  A rust devil (Depths:1)
  A black mamba (shapeshifter) (Vaults:2)
  26 naga magi
  2 molten gargoyles (Lair:6)
  6 elephants (Lair:6)
  3 guardian serpents
  13 spiny frogs
  7 vault sentinels
  3 centaur skeletons
  A grey draconian zombie (Crypt:3)
  A shock serpent skeleton (Tomb:2)
  A rime drake (shapeshifter) (Depths:2)
  A mottled draconian zombie (Crypt:2)
  2 rime drakes (Lair:3)
  A spiny frog (shapeshifter) (Vaults:5)
  10 freezing wraiths
  A kobold demonologist (Bailey)
  3 gargoyles (D:13)
  50 yaktaurs
  A redback zombie (D:15)
  9 komodo dragons
  37 guardian mummies
  A small abomination (Elf:3)
  2 harpy zombies (Crypt:1)
  A death yak skeleton (Crypt:2)
  A troll (shapeshifter) (Vaults:4)
  A jumping spider (shapeshifter) (Vaults:2)
  8 merfolk
  8 hornets
  12 trolls
  A hornet (shapeshifter) (Vaults:5)
  8 polar bears
  26 two-headed ogres
  7 blink frogs
  39 slime creatures
  8 hippogriffs
  A stone giant simulacrum (Vaults:2)
  5 snapping turtles
  A death drake skeleton (Crypt:1)
  A guardian serpent zombie (Crypt:2)
  A moth of wrath zombie (Crypt:1)
  The ghost of dobroeutro the Covered, an amateur GrFi of Okawaru (D:4)
  2 fire giant simulacra
  16 flying skulls
  2 air elementals (Elf:1)
  An ice dragon zombie (Depths:1)
  6 ushabtiu
  A vampire (D:12)
  5 shadows
  2 spriggans (Depths:2)
  A fire dragon skeleton (Crypt:3)
  2 ettin skeletons
  3 water elementals
  A hill giant zombie (Crypt:2)
  6 wraiths
  An elf zombie (Vaults:2)
  A golden eye (shapeshifter) (Vaults:4)
  2 humans (shapeshifter)
  40 yaks
  7 fire elementals
  3 wyverns
  A hog (shapeshifter) (Depths:2)
  3 hogs (Elf:1)
  3 hungry ghosts
  5 vampire mosquitoes
  2 steam dragons
  An elf skeleton (Vaults:5)
  5 basilisks
  A yaktaur simulacrum (Vaults:2)
  3 mottled dragons
  7 wargs
  A gelid demonspawn zombie (Crypt:2)
  A water moccasin (shapeshifter) (Vaults:3)
  62 nagas
  13 water moccasins
  Edmund (D:6)
  5 hell hounds
  Duvessa (D:5)
  A floating eye (shapeshifter) (Depths:2)
  A deep troll skeleton (Vaults:5)
  3 sky beasts
  A merfolk skeleton (Crypt:3)
  7 porcupines
  An ettin simulacrum (Vaults:5)
  A hornet zombie (Crypt:2)
  2 ice beasts
  38 orc warriors
  10 black bears
  2 phantoms
  An eye of draining (shapeshifter) (Vaults:2)
  A boggart (Vaults:3)
  28 centaurs
  69 ogres
  6 wolves (Lair:2)
  4 necrophages
  15 crocodiles
  A gnoll sergeant (D:8)
  16 bullfrogs
  2 earth elementals
  A wyvern zombie (D:10)
  2 jellies
  A wyvern skeleton (D:8)
  A water moccasin skeleton (D:10)
  Dowan (D:5)
  10 scorpions
  A killer bee (D:7)
  An electric eel (Elf:3)
  5 howler monkeys
  28 wights
  A yak skeleton (Crypt:1)
  A polar bear skeleton (Crypt:2)
  9 crimson imps
  A bullfrog skeleton (D:8)
  A centaur zombie (Ossuary)
  4 lava snakes (Lair:6)
  4 human zombies
  A bullfrog zombie (D:10)
  18 orc priests
  A gnoll shaman (D:4)
  6 hounds
  27 orc wizards
  A black bear skeleton (Crypt:3)
  2 iguanas
  7 worker ants
  An iguana (shapeshifter) (Elf:1)
  24 hell rats
  A killer bee zombie (D:10)
  2 big kobold zombies (Ossuary)
  A naga skeleton (Crypt:3)
  33 mummies
  Robin (D:2)
  4 worker ant zombies
  14 gnolls
  9 adders
  27 river rats
  A steam dragon skeleton (Crypt:1)
  5 shadow imps
  2 oozes
  2 adder zombies (D:9)
  A lava snake zombie (Crypt:2)
  3 adder skeletons
  4 worms
  A dart slug (D:1)
  5 leopard geckos
  129 orcs
  A giant cockroach (D:4)
  11 hobgoblins
  8 kobolds
  7 quokkas
  2 ball pythons (D:3)
  7 bats
  4 frilled lizards
  A giant cockroach zombie (Crypt:2)
  26 goblins
  A goblin skeleton (Crypt:3)
  A goblin zombie (Ossuary)
  2 jackal zombies
  A leopard gecko zombie (D:7)
  An orc zombie (Ossuary)
  21 rats
  10 crawling corpses
  A fire vortex (Tomb:1)
  5 fungi
  3 plants
  2 tentacles (Shoals:4)
  2 withered plants (Crypt:3)
2196 creatures vanquished.

Vanquished Creatures (collateral kills)
  3 greater mummies (Tomb:1)
  Vashnia (Snake:2)
  A tengu reaver (Depths:2)
  Roxanne (Snake:1)
  2 nagarajas (Snake:4)
  An entropy weaver (Depths:2)
  Josephine (Lair:6)
  3 hydras
  3 naga warriors (Snake:4)
  2 naga sharpshooters
  A glowing orange brain (Depths:2)
  A naga ritualist (Snake:4)
  A mana viper (Snake:4)
  6 naga magi (Snake:4)
  A molten gargoyle (Lair:6)
  A guardian serpent (Snake:4)
  2 black mambas
  4 komodo dragons (Lair:6)
  A troll (Snake:2)
  A two-headed ogre (Vaults:4)
  A blink frog (Lair:2)
  4 wraiths (Lair:6)
  A basilisk (Lair:6)
  2 nagas (Snake:4)
  A hell hound (Lair:6)
  2 orc warriors
  An ogre (Vaults:4)
  A lava snake (Lair:6)
  A gnoll (Bailey)
  3 orcs
  A giant cockroach (shapeshifter) (Depths:2)
  A hobgoblin (Bailey)
56 creatures vanquished.

Vanquished Creatures (others)
  Ilsuiw (Shoals:4)
  A deep elf death mage (Elf:3)
  A merfolk javelineer (Shoals:4)
  14 death scarabs (Tomb:2)
  A deep elf knight (Vaults:4)
  An ironbrand convoker (Vaults:1)
  A wizard (Depths:2)
  2 deep elf magi (Elf:1)
  A siren (Shoals:4)
  A stone giant skeleton (Tomb:2)
  A fire dragon skeleton (Tomb:2)
  2 humans
  An ogre (Tomb:2)
  2 mummies (Tomb:2)
  An orc (Vaults:1)
  A hobgoblin (Bailey)
  A fungus (Lair:4)
  12 plants
  7 tentacles (Shoals:4)
52 creatures vanquished.

Grand Total: 2304 creatures vanquished

Notes
Turn   | Place    | Note
-------+----------+-------------------------------------------
     0 | D:1      | MDvedh the Minotaur Berserker began the quest for the Orb.
     0 | D:1      | Reached XP level 1. HP: 19/19 MP: 0/0
   139 | D:1      | Reached skill level 4 in Axes
   261 | D:1      | Reached XP level 2. HP: 21/26 MP: 1/1
   741 | D:2      | Noticed Robin
  1017 | D:2      | Killed Robin
  1017 | D:2      | Reached skill level 5 in Axes
  1017 | D:2      | Reached XP level 3. HP: 31/31 MP: 2/2
  1020 | D:2      | Reached ** piety under Trog
  1134 | D:2      | Found an ancient bone altar of Kikubaaqudgha.
  1217 | D:2      | Reached XP level 4. HP: 37/39 MP: 3/3
  1222 | D:2      | Reached skill level 6 in Axes
  1484 | D:2      | Found a sparkling altar of Nemelex Xobeh.
  1924 | D:3      | Found a snail-covered altar of Cheibriados.
  1952 | D:3      | Found an ancient bone altar of Kikubaaqudgha.
  1952 | D:3      | Noticed a human
  1955 | D:3      | Killed a human
  2150 | D:3      | Reached *** piety under Trog
  2597 | D:3      | Reached XP level 5. HP: 45/45 MP: 4/4
  2705 | D:4      | Noticed dobroeutro's ghost (amateur GrFi)
  2712 | D:4      | Killed dobroeutro's ghost
  2712 | D:4      | Reached skill level 8 in Axes
  2712 | D:4      | Reached XP level 6. HP: 51/51 MP: 5/5
  2749 | D:4      | Found a radiant altar of Vehumet.
  2758 | D:4      | Found a sand-covered staircase.
  2774 | D:4      | Reached skill level 9 in Axes
  2807 | Ossuary  | Entered an ossuary
  3061 | Ossuary  | Reached XP level 7. HP: 38/57 MP: 6/6
  3333 | Ossuary  | Reached skill level 10 in Axes
  3449 | D:4      | Found a hazy altar of Hepliaklqana.
  3500 | D:4      | Found an opulent altar of Gozag.
  3692 | D:4      | Reached **** piety under Trog
  4178 | D:5      | Entered Level 5 of the Dungeon
  4189 | D:5      | Found a snail-covered altar of Cheibriados.
  4301 | D:5      | Reached skill level 11 in Axes
  4475 | D:5      | Noticed Duvessa
  4475 | D:5      | Noticed Dowan
  4491 | D:5      | Killed Dowan
  4493 | D:5      | Killed Duvessa
  4493 | D:5      | Reached XP level 8. HP: 64/64 MP: 7/7
  5114 | D:6      | Reached skill level 12 in Axes
  5210 | D:6      | Reached skill level 13 in Axes
  5581 | D:6      | Reached XP level 9. HP: 44/70 MP: 8/8
  5886 | D:6      | Noticed Edmund
  5893 | D:6      | Killed Edmund
  5893 | D:6      | Reached skill level 14 in Axes
  6026 | D:7      | Found a staircase to the Ecumenical Temple.
  6051 | D:6      | Found a white marble altar of Elyvilon.
  6051 | D:6      | Found a sacrificial altar of Ru.
  6179 | D:7      | Reached ***** piety under Trog
  6180 | D:7      | Found a glowing silver altar of Zin.
  6185 | D:7      | Reached skill level 15 in Axes
  6198 | D:7      | Found a bloodstained altar of Trog.
  6224 | D:7      | Found a flagged portal.
  6234 | Bailey   | Entered a bailey
  6298 | Bailey   | Found an iron altar of Okawaru.
  6298 | Bailey   | Noticed an orc sorcerer
  6298 | Bailey   | Noticed a kobold demonologist
  6300 | Bailey   | Noticed a red devil
  6306 | Bailey   | Killed an orc sorcerer
  6313 | Bailey   | Killed a kobold demonologist
  6313 | Bailey   | Reached skill level 16 in Axes
  6360 | Bailey   | Noticed an orc knight
  6390 | Bailey   | Killed an orc knight
  6390 | Bailey   | Reached XP level 10. HP: 56/77 MP: 9/9
  7630 | D:7      | Gained mutation: Potions and wands are less effective at restoring your health. [potion of mutation]
  7630 | D:7      | Gained mutation: Your flesh is cold resistant. (rC+) [potion of mutation]
  7630 | D:7      | Gained mutation: You have a pair of large horns on your head. [potion of mutation]
  7646 | D:7      | Lost mutation: You have a pair of large horns on your head. [potion of mutation]
  7646 | D:7      | Gained mutation: Your spells are a little harder to cast, but a little more powerful. [potion of mutation]
  7755 | D:7      | Received a gift from Trog
  7761 | D:7      | Reached skill level 17 in Axes
  8314 | D:8      | Found a glowing golden altar of the Shining One.
  8369 | D:8      | Noticed a hill giant
  8379 | D:8      | Killed a hill giant
  8379 | D:8      | Reached skill level 5 in Fighting
  8441 | D:8      | Noticed a white ugly thing
  8457 | D:8      | Killed a white ugly thing
  8463 | D:8      | Reached skill level 5 in Armour
  8521 | D:8      | Reached skill level 5 in Dodging
  9473 | D:9      | Reached XP level 11. HP: 91/91 MP: 10/10
 10310 | D:10     | Entered Level 10 of the Dungeon
 10687 | D:10     | Received a gift from Trog
 10690 | D:10     | Got a dazzling executioner's axe {god gift}
 10691 | D:10     | Identified the +3 executioner's axe "Jiyneps" {holy, +Inv rF++ rC- Stlth+} (Trog gifted it to you on level 10 of the Dungeon)
 10701 | D:10     | Noticed a hill giant
 10707 | D:10     | Killed a hill giant
 10917 | D:10     | Found a shadowy altar of Dithmenos.
 11024 | D:11     | Noticed a purple ugly thing
 11036 | D:11     | Killed a purple ugly thing
 11175 | D:11     | Noticed a hill giant
 11184 | D:11     | Killed a hill giant
 11551 | D:11     | Found a staircase to the Lair.
 11903 | D:11     | Noticed an eight-headed hydra
 11915 | D:11     | Killed a nine-headed hydra
 12124 | Lair:1   | Entered Level 1 of the Lair of Beasts
 12139 | Lair:1   | Reached skill level 18 in Axes
 12513 | Lair:1   | Reached XP level 12. HP: 67/103 MP: 11/11
 12849 | Lair:1   | Gained mutation: You are partially covered in molten scales. (AC +2) [potion of mutation]
 12849 | Lair:1   | Gained mutation: You are partially covered in thin metallic scales. (AC +2) [potion of mutation]
 12849 | Lair:1   | Gained mutation: You are frail. (-10% HP) [potion of mutation]
 12850 | Lair:1   | Lost mutation: You are frail. (-10% HP) [potion of cure mutation]
 12850 | Lair:1   | Lost mutation: You are partially covered in thin metallic scales. (AC +2) [potion of cure mutation]
 12850 | Lair:1   | Lost mutation: Your spells are a little harder to cast, but a little more powerful. [potion of cure mutation]
 13074 | Lair:1   | Received a gift from Trog
 13887 | Lair:2   | Found a staircase to the Shoals.
 14340 | Lair:2   | Noticed Gastronok
 14358 | Lair:2   | Killed Gastronok
 14717 | Lair:3   | Found a staircase to the Snake Pit.
 14726 | Lair:3   | Reached skill level 19 in Axes
 15212 | Lair:3   | Reached skill level 10 in Fighting
 15221 | Lair:3   | Received a gift from Trog
 15867 | Lair:4   | Reached XP level 13. HP: 113/113 MP: 12/12
 15871 | Lair:4   | Reached skill level 10 in Armour
 17305 | Lair:6   | Entered Level 6 of the Lair of Beasts
 18001 | Lair:6   | Noticed Josephine
 18010 | Lair:6   | Killed Josephine
 18040 | Lair:6   | Reached ****** piety under Trog
 18268 | Lair:6   | Reached skill level 20 in Axes
 18276 | Lair:6   | Reached skill level 10 in Dodging
 18285 | Lair:6   | Received a gift from Trog
 18323 | Lair:6   | Noticed a fire dragon
 18355 | Lair:6   | Found a large runed door.
 18355 | Lair:6   | Found a large runed door.
 18389 | Lair:6   | Killed a fire dragon
 18715 | Lair:6   | Found a staircase to the Slime Pits.
 18873 | Lair:6   | Gained mutation: Your spells are a little harder to cast, but a little more powerful. [potion of beneficial mutation]
 19192 | D:12     | Reached XP level 14. HP: 124/124 MP: 13/13
 19426 | D:12     | Found a staircase to the Orcish Mines.
 19709 | Orc:1    | Entered Level 1 of the Orcish Mines
 19709 | Orc:1    | Noticed Urug
 19725 | Orc:1    | Killed Urug
 19887 | Orc:1    | Found Dimur's General Store.
 19927 | Orc:1    | Noticed an orc warlord
 19938 | Orc:1    | Killed an orc warlord
 20040 | Orc:2    | Entered Level 2 of the Orcish Mines
 20403 | Orc:2    | Found a staircase to the Elven Halls.
 20468 | Orc:2    | Found a roughly hewn altar of Beogh.
 20554 | Orc:2    | Found Yggass's Book Shoppe.
 20572 | Orc:2    | Received a gift from Trog
 20597 | Orc:2    | Found Gacexoub's Antique Armour Boutique.
 20602 | Orc:2    | Found Ysolub's Antique Armour Shoppe.
 20607 | Orc:2    | Found Dosug's Magic Scroll Emporium.
 21402 | D:13     | Found Hitydiaqui's Gadget Boutique.
 21757 | D:14     | Found a gate to the Vaults.
 22067 | D:14     | Found a portal to a secret trove of treasure.
 22273 | Orc:2    | Bought the Handbook of Conjuration for 1137 gold pieces
 22441 | D:14     | You paid a toll of the Handbook of Conjuration to enter a treasure trove
 22442 | Trove    | Entered a treasure trove
 22473 | Trove    | Identified the Handbook of Icy Ignition
 22484 | Trove    | Received a gift from Trog
 22508 | Trove    | Got a bound bronze ring
 22515 | Trove    | Identified the ring "Kawuympo" {rF+ rN+} (You found it in a treasure trove)
 22523 | Trove    | Reached XP level 15. HP: 137/137 MP: 14/14
 22846 | D:15     | Entered Level 15 of the Dungeon
 22882 | D:15     | Reached XP level 16. HP: 145/145 MP: 15/15
 23007 | D:15     | Noticed Azrael
 23020 | D:15     | Killed Azrael
 23311 | D:15     | Found a staircase to the Depths.
 23821 | Snake:1  | Entered Level 1 of the Snake Pit
 23836 | Snake:1  | Noticed Roxanne
 23979 | Snake:1  | Killed Roxanne
 24362 | Snake:1  | Found a shadowy altar of Dithmenos.
 24754 | Snake:1  | Reached skill level 15 in Armour
 24758 | Snake:2  | Noticed Vashnia
 25064 | Snake:2  | Killed Vashnia
 25066 | Snake:2  | Reached skill level 15 in Fighting
 25185 | Snake:2  | Noticed varam's ghost (journeyman MiGl)
 25216 | Snake:2  | Killed varam's ghost
 25416 | Snake:2  | Received a gift from Trog
 25791 | Snake:2  | Noticed Saint Roka
 25809 | Snake:2  | Killed Saint Roka
 26591 | Snake:3  | Found Lommunech's Weapon Shop.
 26591 | Snake:3  | Found Lusasuf's Distillery.
 26592 | Snake:3  | Found Zieck's Assorted Antiques.
 26594 | Snake:3  | Found Daeblih's Book Boutique.
 26718 | Snake:3  | Found an iron altar of Okawaru.
 26978 | Snake:3  | HP: 4/165 [naga warrior/halberd (6)]
 27033 | Snake:3  | Found a flickering gateway to a bazaar.
 27061 | Bazaar   | Entered a bazaar
 27061 | Bazaar   | Found Neniumoss's Antique Armour Emporium.
 27069 | Bazaar   | Found Onenkomi's Distillery.
 27077 | Bazaar   | Found Mouzahov's Antique Weapon Shop.
 27088 | Bazaar   | Found Nithri Fail's Gadget Emporium.
 27104 | Bazaar   | Found Nusor's General Store.
 27140 | Bazaar   | Bought a potion of beneficial mutation for 350 gold pieces
 27140 | Bazaar   | Bought a potion of haste for 100 gold pieces
 27140 | Bazaar   | Bought a potion of haste for 100 gold pieces
 27140 | Bazaar   | Bought a potion of might for 40 gold pieces
 27140 | Bazaar   | Bought a potion of might for 40 gold pieces
 27140 | Bazaar   | Gained mutation: You have sharp toenails. [potion of beneficial mutation]
 27447 | Snake:4  | Entered Level 4 of the Snake Pit
 27450 | Snake:4  | Reached XP level 17. HP: 147/158 MP: 16/16
 28037 | Snake:4  | Reached skill level 15 in Dodging
 28068 | Snake:4  | Received a gift from Trog
 28732 | Snake:4  | Received a gift from Trog
 28934 | Snake:4  | Got an ancient battleaxe {god gift}
 28939 | Snake:4  | Identified the +3 battleaxe of the Median {drain, rN+} (Trog gifted it to you on level 4 of the Snake Pit)
 28959 | Snake:4  | Got a serpentine rune of Zot
 29175 | Shoals:1 | Entered Level 1 of the Shoals
 29258 | Shoals:2 | Noticed Polyphemus
 29278 | Shoals:2 | Killed Polyphemus
 29647 | Shoals:4 | Entered Level 4 of the Shoals
 29647 | Shoals:4 | Noticed murphy's ghost (adept DECj)
 29675 | Shoals:4 | Killed murphy's ghost
 29916 | Shoals:4 | Noticed Ilsuiw
 30098 | Shoals:4 | Reached XP level 18. HP: 131/171 MP: 17/17
 30100 | Shoals:4 | Killed Ilsuiw
 30106 | Shoals:4 | Received a gift from Trog
 30719 | Shoals:4 | Got a barnacled rune of Zot
 30922 | Vaults:1 | Entered Level 1 of the Vaults
 31446 | Vaults:1 | Found a shimmering altar of Xom.
 31988 | Vaults:1 | Received a gift from Trog
 32459 | Vaults:2 | Found Gozag's Assorted Antiques.
 32512 | Vaults:2 | Found an opulent altar of Gozag.
 32512 | Vaults:2 | Found Gozag's Antique Weapon Emporium.
 32574 | Vaults:2 | Found Gozag's Assorted Antiques.
 32850 | Vaults:2 | Reached XP level 19. HP: 182/182 MP: 18/18
 33115 | Vaults:2 | Got a translucent battleaxe {drain}
 33116 | Vaults:2 | Identified the +6 battleaxe "Newtslayer" {drain, rC+ MP+9} (You took it off an ironheart preserver on level 2 of the Vaults)
 33253 | Vaults:2 | Found Moamuw's Weapon Boutique.
 33300 | Vaults:2 | Paralysed by a great orb of eyes for 2 turns
 33685 | Vaults:3 | Received a gift from Trog
 33945 | Vaults:3 | Found a staircase to the Crypt.
 34730 | Vaults:3 | Received a gift from Trog
 35453 | Vaults:4 | Reached XP level 20. HP: 193/195 MP: 19/19
 35550 | Vaults:4 | Noticed Mennas
 35590 | Vaults:4 | Killed Mennas
 36046 | Vaults:4 | Gained mutation: Your muscles are strong. (Str +2) [potion of beneficial mutation]
 36062 | Vaults:4 | Received a gift from Trog
 36917 | Elf:1    | Entered Level 1 of the Elven Halls
 36952 | Elf:1    | Received a gift from Trog
 37542 | Elf:1    | Noticed Kirke
 37553 | Elf:1    | Killed Kirke
 38107 | Elf:2    | Found a huge runed gate.
 38107 | Elf:2    | Found a huge runed gate.
 38107 | Elf:2    | Found a huge runed gate.
 38107 | Elf:2    | Found a huge runed gate.
 38107 | Elf:2    | Found a huge runed gate.
 38292 | Elf:2    | Received a gift from Trog
 38624 | Elf:3    | Entered Level 3 of the Elven Halls
 38756 | Elf:3    | Reached XP level 21. HP: 201/205 MP: 20/20
 38876 | Elf:3    | Reached skill level 21 in Axes
 38894 | Elf:3    | Gained mutation: Armour fits poorly on your strangely shaped body. [a cacodemon]
 38992 | Elf:3    | Received a gift from Trog
 39652 | Elf:3    | Got a smoking lead ring
 39683 | Elf:3    | Identified Reinipag's Catalogue of Transformation and Dislocation
 39723 | Elf:3    | Identified the ring of the Omega Point {Ice +Fly} (You took it off a deep elf elementalist on level 3 of the Elven Halls)
 39885 | Elf:3    | Received a gift from Trog
 40159 | Depths:1 | Entered Level 1 of the Depths
 40795 | Depths:1 | Reached skill level 22 in Axes
 40903 | Depths:1 | Found a one-way gate to the infinite horrors of the Abyss.
 40903 | Depths:1 | Noticed Louise
 40926 | Depths:1 | Killed Louise
 40982 | Depths:1 | Found a one-way gate leading to the halls of Pandemonium.
 41017 | Depths:1 | Reached skill level 23 in Axes
 41072 | Depths:1 | Found a gateway to Hell.
 41189 | Depths:1 | Received a gift from Trog
 41390 | Depths:2 | Reached skill level 24 in Axes
 41480 | Depths:2 | Paralysed by a wizard for 5 turns
 41529 | Depths:2 | Reached XP level 22. HP: 134/215 MP: 9/21
 41563 | Depths:2 | Reached skill level 25 in Axes
 41804 | Depths:2 | Received a gift from Trog
 42088 | Depths:2 | Found a gateway to a ziggurat.
 42116 | Depths:2 | Noticed an ancient lich
 42133 | Depths:2 | Killed an ancient lich
 42143 | Depths:2 | Received a gift from Trog
 42501 | Depths:2 | Reached skill level 26 in Axes
 42786 | Depths:2 | Got an iridescent broad axe {god gift}
 42787 | Depths:2 | Identified the +5 broad axe of Regicide {drain, Str+4 Dex+2} (Trog gifted it to you on level 2 of the Depths)
 43401 | D:8      | Fell from the grace of Trog
 43401 | D:8      | Became a worshipper of the Shining One
 43698 | Crypt:1  | Entered Level 1 of the Crypt
 43721 | Crypt:1  | Reached * piety under the Shining One
 43929 | Crypt:1  | Reached ** piety under the Shining One
 43966 | Crypt:1  | Found an ancient bone altar of Kikubaaqudgha.
 44274 | Crypt:2  | Reached *** piety under the Shining One
 44284 | Crypt:2  | Reached skill level 27 in Axes
 44289 | Crypt:2  | Reached skill level 1 in Invocations
 44374 | Crypt:2  | Reached **** piety under the Shining One
 44706 | Crypt:3  | Entered Level 3 of the Crypt
 44731 | Crypt:3  | Reached skill level 5 in Invocations
 44740 | Crypt:3  | Reached ***** piety under the Shining One
 44746 | Crypt:3  | Noticed Sojobo
 44760 | Crypt:3  | Killed Sojobo
 44768 | Crypt:3  | Reached XP level 23. HP: 162/222 MP: 24/26
 44994 | Crypt:3  | Reached ****** piety under the Shining One
 45002 | Crypt:3  | Noticed an ancient lich
 45047 | Crypt:3  | Killed an ancient lich
 45047 | Crypt:3  | Reached skill level 10 in Invocations
 45063 | Crypt:3  | Identified Sif Muna's Incunabulum of the Traveller
 45067 | Crypt:3  | Identified the Grimoire of Shifting Conjuration
 45170 | Crypt:3  | Found a staircase to the Tomb.
 45505 | Tomb:1   | Entered Level 1 of the Tomb of the Ancients
 45581 | Tomb:1   | Paralysed by a sphinx for 4 turns
 45870 | Crypt:3  | Paralysed by Trog for 3 turns
 45901 | Crypt:3  | Lost mutation: Armour fits poorly on your strangely shaped body. [potion of cure mutation]
 45901 | Crypt:3  | Lost mutation: Your muscles are strong. (Str +2) [potion of cure mutation]
 45901 | Crypt:3  | Lost mutation: You have sharp toenails. [potion of cure mutation]
 45901 | Crypt:3  | Lost mutation: Your flesh is cold resistant. (rC+) [potion of cure mutation]
 46111 | Vaults:5 | Entered Level 5 of the Vaults
 46540 | Vaults:5 | Reached XP level 24. HP: 231/231 MP: 33/33
 46584 | Vaults:5 | Reached skill level 15 in Invocations
 46599 | Vaults:5 | Got a silver rune of Zot
 47577 | Tomb:1   | Noticed a greater mummy
 47580 | Tomb:1   | Noticed a greater mummy
 47798 | Tomb:1   | Killed a greater mummy
 48289 | Tomb:2   | Noticed an ancient lich
 48289 | Tomb:2   | Noticed a greater mummy
 48290 | Tomb:2   | Noticed a greater mummy
 48432 | Tomb:2   | Noticed a greater mummy
 48440 | Tomb:2   | Killed a greater mummy
 48445 | Tomb:2   | Killed an ancient lich
 48446 | Tomb:2   | Killed a greater mummy
 48449 | Tomb:2   | Killed a greater mummy
 48619 | Tomb:1   | Noticed a greater mummy
 48624 | Tomb:1   | Noticed a greater mummy
 48630 | Tomb:1   | Killed a greater mummy
 48639 | Tomb:1   | Killed a greater mummy
 48789 | Tomb:1   | Noticed a greater mummy
 48794 | Tomb:1   | Killed a greater mummy
 48878 | Tomb:1   | Noticed a greater mummy
 48885 | Tomb:1   | Killed a greater mummy
 48885 | Tomb:1   | Reached XP level 25. HP: 164/235 MP: 35/35
 48990 | Tomb:1   | Noticed a greater mummy
 49005 | Tomb:1   | Killed a greater mummy
 49096 | Tomb:1   | Noticed a greater mummy
 49103 | Tomb:1   | Noticed a greater mummy
 49109 | Tomb:1   | Killed a greater mummy
 49114 | Tomb:1   | Killed a greater mummy
 49167 | Tomb:1   | Noticed a greater mummy
 49177 | Tomb:1   | Killed a greater mummy
 49209 | Tomb:1   | Noticed a greater mummy
 49216 | Tomb:1   | Killed a greater mummy
 49420 | Tomb:1   | Noticed a greater mummy
 49425 | Tomb:1   | Noticed a greater mummy
 49427 | Tomb:1   | Noticed a greater mummy
 49432 | Tomb:1   | Killed a greater mummy
 49439 | Tomb:1   | Killed a greater mummy
 49441 | Tomb:1   | Killed a greater mummy
 49625 | Tomb:1   | Noticed a greater mummy
 49625 | Tomb:1   | Noticed a greater mummy
 49627 | Tomb:1   | Noticed a greater mummy
 49633 | Tomb:1   | Killed a greater mummy
 49636 | Tomb:1   | Killed a greater mummy
 49646 | Tomb:1   | Killed a greater mummy
 49663 | Tomb:1   | Noticed a greater mummy
 49669 | Tomb:1   | Killed a greater mummy
 49769 | Tomb:1   | Noticed a greater mummy
 49775 | Tomb:1   | Killed a greater mummy
 49998 | Tomb:1   | Noticed a greater mummy
 50018 | Tomb:1   | Killed a greater mummy
 50556 | Tomb:3   | Entered Level 3 of the Tomb of the Ancients
 50664 | Tomb:3   | Noticed Khufu
 50813 | Tomb:3   | Killed Khufu
 50826 | Tomb:3   | Noticed a greater mummy
 50827 | Tomb:3   | Noticed a greater mummy
 50828 | Tomb:3   | Noticed a greater mummy
 51043 | Tomb:3   | Killed a greater mummy
 51049 | Tomb:2   | Killed a greater mummy
 51168 | Tomb:2   | Slain by an iron troll

Skill      XL: |  1  2  3  4  5  6  7  8  9 10 11 12 13 14 15 16 17 18 19 20 21 22 23 24 25 |
---------------+----------------------------------------------------------------------------+-----
Axes           | 4 5 6 8 9 11 13 16 17 18 19 20 24 27 | 27.0
Fighting       | 6 8 10 11 13 15 17 19 20 21 22 | 22.9
Armour         | 5 7 9 11 14 16 17 19 20 21 22 | 22.0
Dodging        | 5 7 9 10 12 14 16 17 18 19 20 | 20.4
Invocations    | 6 14 19 21 | 21.8

Action                   |  1- 3 |  4- 6 |  7- 9 | 10-12 | 13-15 | 16-18 | 19-21 | 22-24 | 25-27 || total
-------------------------+-------+-------+-------+-------+-------+-------+-------+-------+-------++-------
Melee: Hand axe          |    54 |    28 |       |       |       |       |       |       |       ||    82
       Headbutt          |     5 |    18 |    60 |   157 |   116 |   281 |   348 |   309 |    52 ||  1346
       War axe           |       |    67 |   272 |   597 |       |       |       |       |       ||   936
       Battleaxe         |       |       |       |   162 |   619 |  1160 |  1322 |   231 |       ||  3494
       Executioner's axe |       |       |       |       |       |       |       |   848 |   203 ||  1051
Invok: Berserk           |     2 |     2 |     7 |     7 |     4 |     5 |       |       |       ||    27
       Brothers in Arms  |       |       |     1 |     6 |     5 |    11 |     2 |     2 |       ||    27
       Trog's Hand       |       |       |     1 |       |     3 |    18 |    30 |     2 |       ||    54
       Burn Spellbooks   |       |       |       |     2 |     2 |     2 |     3 |     1 |       ||    10
       Divine Shield     |       |       |       |       |       |       |       |     7 |     2 ||     9
       Cleansing Flame   |       |       |       |       |       |       |       |    11 |    33 ||    44
       Summon Divine War |       |       |       |       |       |       |       |     1 |     4 ||     5
 Abil: Stop Flying       |       |       |       |     1 |       |     1 |       |       |       ||     2
       Evoke Flight      |       |       |       |       |       |     1 |       |       |       ||     1
Evoke: Wand              |       |       |       |       |       |       |     3 |     2 |       ||     5
  Use: Scroll            |     2 |       |    18 |    10 |     9 |     8 |    18 |    16 |       ||    81
       Potion            |       |       |     3 |     6 |     2 |     6 |     6 |     7 |     3 ||    33
 Stab: Sleeping          |     1 |       |       |       |       |       |       |       |       ||     1
       Distracted        |       |       |       |       |     1 |     1 |     1 |       |       ||     3
       Invisible         |       |       |       |       |       |    14 |       |       |       ||    14
       Petrified         |       |       |       |       |       |     1 |       |       |       ||     1
  Eat: Chunk             |     3 |     1 |     6 |    20 |    10 |     9 |     6 |     2 |       ||    57
       Meat ration       |       |     1 |     2 |     1 |     1 |       |       |       |       ||     5
       Royal jelly       |       |     1 |       |       |     1 |     1 |       |       |     1 ||     4
       Pizza             |       |       |     1 |     4 |       |       |       |       |       ||     5
       Bread ration      |       |       |       |     4 |     1 |     7 |     8 |     6 |     4 ||    30
       Fruit             |       |       |       |       |     8 |       |     2 |       |     3 ||    13
       Beef jerky        |       |       |       |       |     1 |     5 |       |       |       ||     6
Armor: Chain mail        |    21 |       |       |       |       |       |       |       |       ||    21
       Animal skin       |     1 |       |       |       |       |       |       |       |       ||     1
       Plate armour      |     1 |    41 |   131 |   401 |   284 |   691 |   480 |       |       ||  2029
       Gold dragon scale |       |       |       |       |       |       |   124 |   545 |   136 ||   805
Dodge: Dodged            |    33 |    37 |    65 |   289 |   251 |   719 |   834 |  1049 |   277 ||  3554
Block: Other             |       |       |       |       |       |       |       |    93 |    67 ||   160
